 Dungeon Sprint DCSS version 0.31-a0-102-g33a4ccc0cb (webtiles) character file.

Game seed: 13586456729781253490

14940 rocky1 the Severer (level 11, -4/108 HPs)
             Began as a Minotaur Gladiator on May 26, 2023.
             Was a High Priest of Okawaru.
             Slain by an alligator snapping turtle (49 damage)
             ... in the Dungeon (Sprint VII: "The Pits").
             The game lasted 00:12:15 (4180 turns).

rocky1 the Severer (Minotaur Gladiator)             Turns: 4180, Time: 00:12:16

Health: -4/108     AC: 34    Str: 26    XL:     11   Next: 95%
Magic:  11/17      EV: 15    Int:  8    God:    Okawaru [*****.]
Gold:   85         SH:  0    Dex: 14    Spells: 10/10 levels left

rFire   . . .        a - +4 battleaxe (flame)
rCold   . . .        (shield currently unavailable)
rNeg    . . .        I - +11 plate armour "Xoniack" {Str+2 SInv Stlth-}
rPois   .            c - +0 hat
rElec   .            J - +2 cloak {rCorr}
rCorr   +            (no gloves)
SInv    +            o - +0 pair of boots
Will    .....        (no amulet) Stlth
                     r - +3 ring of strength
HPRegen 0.38/turn    s - +3 ring of intelligence
MPRegen 0.15/turn

%: no teleportation
@: heroic, finesse-ful
A: horns 2, retaliatory headbutt
a: Renounce Religion, Heroism, Finesse


You were in the Dungeon.
You worshipped Okawaru.
Okawaru was extremely pleased with you.
You visited 1 branch You collected 85 gold pieces.

Inventory:

Hand Weapons
 a - a +4 battleaxe of flaming (weapon)
 b - a +0 arbalest
 v - the +5 demon whip "Spellbinder" {antimagic, disrupt, Will+}
   (You found it in the Dungeon)

   Will:      It increases your willpower.
Missiles
 d - 2 throwing nets (quivered)
 e - 5 javelins
 j - 4 datura-tipped darts
 x - 4 atropa-tipped darts
Armour
 c - a +0 hat (worn)
 o - a +0 pair of boots (worn)
 y - a +0 cloak
 I - the +11 plate armour "Xoniack" (worn) {Str+2 SInv Stlth-}
   (You found it in the Dungeon)

   Str:       It affects your strength (+2).
   SInv:      It lets you see invisible.
   Stlth:     It makes you less stealthy.
 J - a +2 cloak of preservation (worn)
Jewellery
 q - a ring of protection from cold
 r - a +3 ring of strength (left hand)
 s - a +3 ring of intelligence (right hand)
 H - a ring of positive energy
Wands
 p - a wand of polymorph (12)
 z - a wand of roots (8)
Scrolls
 k - 2 scrolls of blinking
 m - 5 scrolls of amnesia
 A - 3 scrolls of fear
 B - 2 scrolls of identify
 C - 4 scrolls of enchant armour
 F - 2 scrolls of fog
 G - a scroll of poison
Potions
 f - 7 potions of curing
 g - 3 potions of heal wounds
 h - 2 potions of haste
 i - 4 potions of magic
 l - a potion of invisibility
 n - a potion of lignification
 t - 2 potions of brilliance
 u - a potion of resistance
 w - a potion of attraction {unknown}
 D - a potion of berserk rage
 E - 4 potions of mutation


   Skills:
 + Level 13.8(18.8) Fighting
 * Level 18.6(23.6) Axes
 * Level 14.6(19.6) Ranged Weapons
 + Level 11.1(16.1) Throwing
 - Level 12.0(17.0) Armour
 - Level 11.5(16.5) Dodging
 - Level 9.7 Invocations


You had 10 spell levels left.
You didn't know any spells.
Your spell library contained the following spells:

 Spells                   Type           Power      Damage    Failure   Level
 Eringya's Noxious Bog    Tmut/Pois      0%         N/A       100%        6
 Summon Forest            Summ/Tloc      Unusable   N/A       N/A         5
 Summon Hydra             Summ           Unusable   N/A       N/A         7

Dungeon Overview and Level Annotations

Branches:
Dungeon (1/1)

Altars:
Ashenzari
Cheibriados
Dithmenos
Elyvilon
Fedhas
Gozag
Hepliaklqana
Kikubaaqudgha
Makhleb
Nemelex Xobeh
Okawaru
Qazlal
Ru
Sif Muna
Trog
Uskayaw
Vehumet
Wu Jian
Xom
Yredelemnul
Zin
The Shining One
Jiyva
Lugonu

Annotations:
D Polyphemus


Innate Abilities, Weirdness & Mutations

You have a pair of horns on your head.
You reflexively headbutt those who attack you in melee.


Message History

You hit the spriggan druid. You burn the spriggan druid.
You headbutt the spriggan druid.
The spriggan druid is lightly wounded.
You slice the spriggan druid!! You burn the spriggan druid!
With its final breath, the spriggan druid offers up its power to the beasts of the wild!
The death yak seems to grow more fierce.
The alligator snapping turtle seems to grow more fierce.
The death yak seems to grow more fierce.
You kill the spriggan druid!
Okawaru accepts your kill.
The alligator snapping turtle completely misses you.
The cherub sings praise to Zin.
A cherub opens the door.
Polyphemus hits you. Polyphemus hits you but does no damage.
The alligator snapping turtle bites you!!!
Ouch! That really hurt!
* * * LOW HITPOINT WARNING * * *
There is an open door, spattered with blood here.
Things that are here:
a +0 quarterstaff; a +0 robe; a spriggan corpse You slice the alligator snapping turtle!!
You burn the alligator snapping turtle!
The alligator snapping turtle is moderately wounded.
You slash Polyphemus! You burn Polyphemus.
You slice the alligator snapping turtle!!
You burn the alligator snapping turtle.
You headbutt the alligator snapping turtle.
The alligator snapping turtle is heavily wounded.
You slash Polyphemus! You burn Polyphemus. Polyphemus hits you!!
* * * LOW HITPOINT WARNING * * *
Polyphemus hits you but does no damage.
You feel much better.
The alligator snapping turtle bites you!
* * * LOW HITPOINT WARNING * * *
Polyphemus closely misses you. Polyphemus hits you.
* * * LOW HITPOINT WARNING * * *
Unknown command.
You feel much better.
The alligator snapping turtle bites you!!!
You die...

+..........# +..........#
#..#....#..# #..........+
#..........+ ###''####''#
###''####''#########
#......##...........
#.#@##.##..)........
#.#tC+.##..######### #
'DG# ##..# .#YY+ #..#
#++###########.+::# #..#
........##..## ##+# #..#
.#......##..# #..#
........''..# #).#
........''..##########..#


You could see a bone dragon, Polyphemus, an alligator snapping turtle (strong),
2 death yaks and a great orb of eyes.

Vanquished Creatures
  An anaconda (D)
  A hydra (D)
  A merfolk aquamancer (D)
  3 boulder beetles (D)
  A death yak (D)
  An orc high priest (D)
  A spriggan druid (D)
  2 orc knights (D)
  A phantasmal warrior (D)
  A wizard (D)
  2 manticores (D)
  A black mamba (D)
  An eye of devastation (D)
  Maurice (D)
  A smoke demon (D)
  A guardian serpent (D)
  Joseph (D)
  An orange demon (D)
  A cane toad (D)
  An efreet (D)
  A yaktaur (D)
  A kobold demonologist (D)
  A freezing wraith (D)
  An ice devil (D)
  A polar bear (D)
  A hellwing (D)
  A tarantella (D)
  A merfolk (D)
  2 fire bats (D)
  A shadow (D)
  2 ynoxinuls (D)
  2 wraiths (D)
  3 water elementals (D)
  2 wargs (D)
  A swamp drake (D)
  4 orc warriors (D)
  6 wolves (D)
  An ogre (D)
  A phantom (D)
  Blork the orc (D)
  A scorpion (D)
  A crimson imp (D)
  4 orc priests (D)
  Jessica (D)
  3 orc wizards (D)
  2 hell rats (D)
  A mummy (D)
  2 gnolls (D)
  An adder (D)
  A river rat (D)
  8 orcs (D)
  A bat (D)
  A bat skeleton (D)
  An endoplasm (D)
  A hobgoblin (D)
  A quokka (D)
  2 ball pythons (D)
  3 ball python skeletons (D)
  A frilled lizard (D)
  3 goblins (D)
  2 kobolds (D)
  A quokka skeleton (D)
  2 rats (D)
102 creatures vanquished.

Vanquished Creatures (others)
  A kobold demonologist (D)
  A scorpion (D)
  An orc (D)
  A kobold (D)
4 creatures vanquished.

Grand Total: 106 creatures vanquished

Notes
Turn   | Place    | Note
-------+----------+-------------------------------------------
     0 | D        | rocky1 the Minotaur Gladiator began the quest for the Orb.
     0 | D        | Reached XP level 1. HP: 18/18 MP: 0/0
    23 | D        | Found a bloodstained altar of Trog.
    23 | D        | Found a shimmering blue altar of Sif Muna.
    23 | D        | Found a viscous altar of Jiyva.
    23 | D        | Found a hazy altar of Hepliaklqana.
    23 | D        | Found an opulent altar of Gozag.
    24 | D        | Found a glowing golden altar of the Shining One.
    24 | D        | Found a glowing silver altar of Zin.
    24 | D        | Found a basalt altar of Yredelemnul.
    24 | D        | Found a shimmering altar of Xom.
    24 | D        | Found an ornate altar of the Wu Jian Council.
    24 | D        | Found a sacrificial altar of Ru.
    24 | D        | Found a stormy altar of Qazlal.
    24 | D        | Found an iron altar of Okawaru.
    24 | D        | Found a sparkling altar of Nemelex Xobeh.
    24 | D        | Found a burning altar of Makhleb.
    24 | D        | Found a blossoming altar of Fedhas.
    24 | D        | Found a white marble altar of Elyvilon.
    24 | D        | Found a shadowy altar of Dithmenos.
    24 | D        | Found a snail-covered altar of Cheibriados.
    26 | D        | Found a radiant altar of Vehumet.
    26 | D        | Found a corrupted altar of Lugonu.
    27 | D        | Found a hide-covered altar of Uskayaw.
    27 | D        | Found an ancient bone altar of Kikubaaqudgha.
    27 | D        | Found a broken altar of Ashenzari.
    36 | D        | Became a worshipper of Warmaster Okawaru
    74 | D        | Reached skill level 4 in Axes
    74 | D        | Reached skill level 1 in Armour
    93 | D        | Reached skill level 5 in Axes
    93 | D        | Reached XP level 2. HP: 9/26 MP: 1/1
   230 | D        | Noticed an ogre
   231 | D        | Noticed a warg
   238 | D        | Killed a warg
   238 | D        | Reached * piety under Okawaru
   239 | D        | Reached skill level 5 in Fighting
   239 | D        | Reached skill level 7 in Axes
   239 | D        | Reached skill level 5 in Dodging
   239 | D        | Reached XP level 3. HP: 36/36 MP: 1/3
   239 | D        | Reached XP level 4. HP: 42/42 MP: 1/4
   239 | D        | Reached XP level 5. HP: 48/48 MP: 1/5
   242 | D        | Killed an ogre
   243 | D        | Reached skill level 8 in Axes
   243 | D        | Reached skill level 5 in Armour
   312 | D        | Noticed a yaktaur
   319 | D        | Killed a yaktaur
   319 | D        | Reached ** piety under Okawaru
   320 | D        | Reached skill level 10 in Axes
   320 | D        | Reached skill level 5 in Throwing
   320 | D        | Reached XP level 6. HP: 32/60 MP: 6/8
   614 | D        | Noticed Blork the orc
   630 | D        | Killed Blork the orc
   631 | D        | Reached skill level 1 in Ranged Weapons
   631 | D        | Reached skill level 5 in Invocations
   631 | D        | Reached XP level 7. HP: 62/66 MP: 9/9
   845 | D        | Noticed Jessica
   845 | D        | Noticed an anaconda
   845 | D        | Noticed a polar bear
   857 | D        | Killed an anaconda
   857 | D        | Reached *** piety under Okawaru
   857 | D        | Received a gift from Okawaru
   858 | D        | Reached skill level 11 in Axes
   858 | D        | Reached skill level 5 in Ranged Weapons
   858 | D        | Reached XP level 8. HP: 75/75 MP: 7/11
   858 | D        | Killed Jessica
   865 | D        | Killed a polar bear
   866 | D        | Reached skill level 12 in Axes
   919 | D        | Found the +5 demon whip "Spellbinder" {antimagic, disrupt,
                  | Will+}
  1168 | D        | Noticed a cane toad
  1177 | D        | Killed a cane toad
  1180 | D        | Reached XP level 9. HP: 44/84 MP: 11/13
  1507 | D        | Noticed a boulder beetle
  1531 | D        | Reached skill level 13 in Axes
  1536 | D        | Killed a boulder beetle
  1536 | D        | Reached **** piety under Okawaru
  1537 | D        | Reached skill level 10 in Fighting
  1785 | D        | Noticed a hellwing
  1795 | D        | Killed a hellwing
  1810 | D        | Noticed a smoke demon
  1816 | D        | Killed a smoke demon
  1816 | D        | Received a gift from Okawaru
  1935 | D        | Reached skill level 14 in Axes
  2059 | D        | Noticed a merfolk aquamancer
  2060 | D        | Noticed a merfolk
  2061 | D        | Noticed Maurice
  2062 | D        | Noticed a freezing wraith
  2062 | D        | Noticed a manticore
  2079 | D        | Killed a merfolk aquamancer
  2079 | D        | Received a gift from Okawaru
  2080 | D        | Reached skill level 10 in Armour
  2080 | D        | Reached XP level 10. HP: 42/94 MP: 7/14
  2082 | D        | Reached skill level 10 in Dodging
  2083 | D        | Killed a manticore
  2084 | D        | Reached skill level 10 in Ranged Weapons
  2087 | D        | Reached ***** piety under Okawaru
  2088 | D        | Reached skill level 15 in Axes
  2105 | D        | Killed Maurice
  2127 | D        | Noticed an orc knight
  2160 | D        | Killed an orc knight
  2160 | D        | Received a gift from Okawaru
  2164 | D        | Noticed a phantasmal warrior
  2172 | D        | Killed a phantasmal warrior
  2172 | D        | Received a gift from Okawaru
  2174 | D        | Received a gift from Okawaru
  2182 | D        | Noticed a black mamba
  2341 | D        | Killed a black mamba
  2378 | D        | Reached skill level 16 in Axes
  2381 | D        | Noticed a death yak
  2384 | D        | Noticed a manticore
  2389 | D        | Killed a death yak
  2389 | D        | Received a gift from Okawaru
  2390 | D        | Reached XP level 11. HP: 74/104 MP: 16/16
  2391 | D        | Noticed an orc high priest
  2417 | D        | Received a gift from Okawaru
  2423 | D        | Killed an orc high priest
  2427 | D        | Reached skill level 10 in Throwing
  2659 | D        | Noticed a six-headed hydra
  2666 | D        | Killed a three-headed hydra
  2899 | D        | Got the +11 plate armour "Xoniack" {Str+2 SInv Stlth-}
  2981 | D        | Reached skill level 17 in Axes
  3057 | D        | Noticed Joseph
  3070 | D        | Killed Joseph
  3171 | D        | Noticed a wizard
  3173 | D        | Killed a wizard
  3179 | D        | Reached ****** piety under Okawaru
  3206 | D        | Received a gift from Okawaru
  3584 | D        | Noticed an orc knight
  3584 | D        | Noticed a boulder beetle
  3593 | D        | Killed an orc knight
  3608 | D        | Killed a boulder beetle
  3609 | D        | Reached skill level 18 in Axes
  3845 | D        | Noticed a boulder beetle
  3875 | D        | Killed a boulder beetle
  4169 | D        | Noticed an alligator snapping turtle
  4169 | D        | Noticed a spriggan druid
  4169 | D        | Noticed a cherub
  4169 | D        | Noticed a great orb of eyes
  4169 | D        | Noticed a bone dragon
  4169 | D        | Noticed Polyphemus
  4169 | D        | Noticed a death yak
  4169 | D        | Noticed a death yak
  4175 | D        | Killed a spriggan druid
  4180 | D        | Slain by an alligator snapping turtle

Illustrated notes

Levels and vault maps discovered:
D:        pitsprint [storerooms_1, entrance_room_1, metal_vault_6, armoury_2,
          mini_pit_1, grid_room_1, main_hall_1, silver_pit, the_coven_1,
          the_vestibule_1, steel_vault_3, golden_pit, hallway_of_sentries,
          crystal_vault_4, iron_vault_4, final_vault]

Skill      XL: |  1  2  3  4  5  6  7  8  9 10 11 |
---------------+----------------------------------+-----
Axes           | 5 7 10 11 12 14 16 18 | 18.6
Armour         | 2 4 6 7 8 10 11 12 | 12.0
Fighting       | 3 5 7 8 9 10 12 13 | 13.8
Dodging        | 4 5 7 8 9 11 | 11.5
Throwing       | 3 5 6 7 8 9 11 | 11.1
Invocations    | 2 4 5 6 7 9 |  9.7
Ranged Weapons | 1 5 7 9 11 14 | 14.6

Action                     |  1- 3 |  4- 6 |  7- 9 | 10-12 || total
---------------------------+-------+-------+-------+-------++-------
  Melee: War axe           |    20 |    28 |   101 |    91 ||   240
         Headbutt          |     2 |     8 |    24 |    43 ||    77
         Punch             |       |       |     2 |     2 ||     4
         Battleaxe         |       |       |       |    80 ||    80
   Fire: Arbalest          |       |       |     4 |     7 ||    11
  Throw: Throwing net      |       |       |     1 |     2 ||     3
         Dart              |       |       |     1 |       ||     1
 Invoke: Heroism           |       |       |     2 |     1 ||     3
         Finesse           |       |       |     1 |     1 ||     2
    Use: Potion            |     1 |       |     2 |    12 ||    15
   Stab: Held in net/web   |       |       |     1 |       ||     1
         Invisible         |       |       |       |    13 ||    13
         Confused          |       |       |       |     1 ||     1
 Armour: Leather armour    |     1 |       |       |       ||     1
         Chain mail        |       |    10 |    39 |    34 ||    83
         Plate armour      |       |       |       |    52 ||    52
  Dodge: Dodged            |    19 |    12 |    40 |    98 ||   169

Table legend: (Time is in decaauts)
 A = Elapsed time spent in this place.
 B = Non-inter-level travel time spent in this place.
 C = Inter-level travel time spent in this place.
 D = Time resting spent in this place.
 E = Time spent auto-exploring this place.
 F = Levels seen in this place.
 G = Mean time per level.
                   A        B        C        D        E       F      G
               +--------+--------+--------+--------+--------+-----+--------+
         Total |   4157 |   4093 |     64 |   2981 |      0 |   1 | 4157.0 |
       Dungeon |   4157 |   4093 |     64 |   2981 |      0 |   1 | 4157.0 |
               +--------+--------+--------+--------+--------+-----+--------+

Top non-repeatable levels by time:
       D: 4157 daAuts
